 Dungeon Crawl Stone Soup version 0.29-a0-378-gc08b2e8bf8 (webtiles) character file.

Game seed: 11657889321266817416

30 ryw the Skirmisher (level 3, -1/30 HPs)
             Began as a Demonspawn Monk on May 5, 2022.
             Frozen to death by an endoplasm (5 damage)
             ... on level 2 of the Dungeon.
             The game lasted 00:02:49 (2001 turns).

ryw the Skirmisher (Demonspawn Monk)                Turns: 2001, Time: 00:02:49

Health: -1/30      AC:  2    Str: 11    XL:     3   Next: 3%
Magic:  3/3        EV: 12    Int: 13    God:
Gold:   84         SH:  0    Dex: 15    Spells: 1/2 levels left

rFire   . . .      SeeInvis .     - Unarmed
rCold   . . .      Faith    .   (no shield)
rNeg    . . .      Spirit   .   a - +0 robe
rPois   .          Reflect  .   (no helmet)
rElec   .          Harm     .   (no cloak)
rCorr   .          Rampage  .   (no gloves)
Will    .....                   (no boots)
Stlth   ++........              (no amulet)
HPRegen 0.10/turn               (no ring)
MPRegen 0.08/turn               (no ring)

@: lethally poisoned (-1 -> -2)
A: demonic magic 1
a: no special abilities


You were on level 2 of the Dungeon.
You visited 1 branch of the dungeon, and saw 2 of its levels.

You collected 84 gold pieces.

Inventory:

Armour
 a - a +0 robe (worn)
Jewellery
 i - a ring of willpower
 k - a ring of willpower
Scrolls
 d - 3 scrolls of identify
 h - a scroll of noise {unknown}
Potions
 b - a potion of ambrosia
 c - 2 potions of brilliance {unknown}
 e - 3 potions of berserk rage
 f - 2 potions of heal wounds {unknown}
 j - a potion of magic {unknown}


   Skills:
 - Level 4.2 Fighting
 - Level 2.6 Dodging
 - Level 1.7 Stealth
 - Level 2.6 Unarmed Combat
 * Level 0.0 Spellcasting
 + Level 0.0 Transmutations
 + Level 0.0 Poison Magic


You had one spell level left.
You knew the following spells:

 Your Spells              Type           Power      Damage    Failure   Level
a - Sting                 Tmut/Pois      0%         1d3       30%         1

Your spell library contained the following spells:

 Spells                   Type           Power      Damage    Failure   Level
 Slow                     Hex            0%         N/A       30%         1
 Poisonous Vapours        Pois/Air       0%         N/A       43%         2
 Confusing Touch          Hex            0%         N/A       67%         3
 Vampiric Draining        Necr           0%         2d6       67%         3
 Olgreb's Toxic Radiance  Pois           0%         N/A       97%         4


Dungeon Overview and Level Annotations

Branches:
Dungeon (2/15)

Altars:

Shops:
D:1 :!?[(


Innate Abilities, Weirdness & Mutations

Spells you cast may paralyse adjacent enemies.


Message History

Unknown command.
An endoplasm is nearby!
Found 29 stones.
The endoplasm quivers.
A worm and an adder come into view.
The helpless adder fails to defend itself.
You hit the adder but do no damage. The adder closely misses you.
You barely miss the adder. The adder bites you.
You are poisoned.
The adder poisons you!
You feel sick. The endoplasm freezes you.
You are frozen.
The adder bites you.
You are more poisoned.
The adder poisons you!
You feel sick.
The endoplasm hits you but does no damage.
The endoplasm attacks as you move away! The endoplasm hits you.
You feel sick. The endoplasm attacks as you move away!
The endoplasm barely misses you.
You feel sick.
You barely miss the endoplasm.
You feel sick. The endoplasm closely misses you.
You hit the endoplasm.
The endoplasm is lightly wounded.
You feel sick. The endoplasm freezes you.
You are frozen.
You hit the endoplasm.
The endoplasm is moderately wounded.
You feel sick. The endoplasm freezes you.
You are frozen.
* * * LOW HITPOINT WARNING * * *
Unknown command.
As you read the scroll labelled MAGOKAF HAESA, it crumbles to dust.
It is a scroll of brand weapon.
You aren't carrying any weapons that can be branded.
You feel sick. The endoplasm freezes you.
You are frozen.
You die...

#.....#### #.#.# #.
+.....+... #.#.# #.
#.....##.#####.†.# #.
#.....##.#.......# #.
#.....+.....)....# #.
#....w##.#.#####.# #.
...#+###.wS#.#####.#
#### #.#J#.##....# ....
#.#@#.##....# ####
..........##....+
....#.#.#.......########
........+...............
..##.#.#....###########
(.. #.#.#....# ##.
#.#.###### #.#


You could see a worm, an adder and an endoplasm.

Vanquished Creatures
  2 dart slugs
  2 ball pythons (D:2)
  3 endoplasms
  A giant cockroach (D:1)
  4 goblins (D:1)
  A hobgoblin (D:1)
  4 jackals (D:1)
  A quokka (D:1)
  A bat (D:2)
  2 frilled lizards
  2 kobolds (D:2)
23 creatures vanquished.

Notes
Turn   | Place    | Note
-------+----------+-------------------------------------------
     0 | D:1      | ryw the Demonspawn Monk began the quest for the Orb.
     0 | D:1      | Reached XP level 1. HP: 18/18 MP: 1/1
    35 | D:1      | Found Lecet's Book Boutique.
    47 | D:1      | Found a faded altar of an unknown god.
   273 | D:1      | Found Nap Ipni's Antique Weapon Boutique.
   529 | D:1      | Found Tios's Armour Boutique.
   545 | D:1      | Gained mutation: Spells you cast may paralyse adjacent
                  | enemies. [demonic ancestry]
   545 | D:1      | Reached XP level 2. HP: 11/24 MP: 2/2
   832 | D:1      | Found Soduod's Magic Scroll Emporium.
  1132 | D:1      | Found Pianuv's Distillery.
  1431 | D:2      | Reached skill level 4 in Fighting
  1890 | D:2      | Reached XP level 3. HP: 26/30 MP: 3/3
  1955 | D:2      | Learned a level 1 spell: Sting
  2001 | D:2      | Frozen to death by an endoplasm

Illustrated notes

Levels and vault maps discovered:
D:1:      tarquinn_simple_flora_water_e, layout_loops_ring, serial_shops,
          nicolae_shop_hallway_stairs, shop_fountains, shop,
          nicolae_shop_crystal, nicolae_shop_stone,
          hellmonk_ecumenical_altar_heavens_door
D:2:      layout_basic, minmay_tetromino_o2, uniq_crazy_yiuf_cottage,
          uniq_natasha

Skill      XL: |  1  2 |
---------------+-------+-----
Fighting       | 4 |  4.2
Dodging        | |  2.6
Stealth        | |  1.7
Unarmed Combat | |  2.6

Action                   || total
-------------------------++-------
Melee: Unarmed           ||   105
       Punch             ||     4
  Use: Scroll            ||     2
 Stab: Sleeping          ||     8
Armor: Robe              ||    13
Dodge: Dodged            ||    58

Table legend: (Time is in decaauts)
 A = Elapsed time spent in this place.
 B = Non-inter-level travel time spent in this place.
 C = Inter-level travel time spent in this place.
 D = Time resting spent in this place.
 E = Time spent auto-exploring this place.
 F = Levels seen in this place.
 G = Mean time per level.
                   A        B        C        D        E       F      G
               +--------+--------+--------+--------+--------+-----+--------+
         Total |   1994 |   1986 |      8 |    509 |   1218 |   2 |  997.0 |
       Dungeon |   1994 |   1986 |      8 |    509 |   1218 |   2 |  997.0 |
               +--------+--------+--------+--------+--------+-----+--------+

Top non-repeatable levels by time:
     D:1: 1412 daAuts
     D:2: 582 daAuts
